Map: King's Cove LE

Players

Lambo - Winner!

  • Race: Zerg Zerg
  • Spawn Location: 5:00

Hellraiser

  • Race: Protoss Protoss
  • Spawn Location: 11:00

Event: IEM Season 13: Katowice (2019)

VOD

Have the link to the VOD?

Description

Time

  • Played on: Feb. 26, 2019, 11:42 a.m.
  • Length: 9:07

All games in this series

Show
View Real Time Build Order
Export as new Build Order

Lambo Zerg - Winner!

Build Orders: Hatch First 

Get SALT Encoding   

  12  0:00  Drone  
  13  0:12  Overlord  
  13  0:18  Drone  
  14  0:31  Drone x2  
  16  0:49  Hatchery  
  15  0:52  Drone  
  16  1:00  Drone x2  
  18  1:12  Extractor  
  18  1:17  Spawning Pool  
  16  1:19  Drone  
  16  1:23  Drone  
  18  1:29  Drone  
  19  1:39  Drone  
  20  1:51  Overlord  
  20  2:04  Queen x2  
  20  2:05  Zergling x4  
  26  2:13  Drone x2  
  28  2:25  Drone x2  
  30  2:39  Hatchery  
  29  2:44  Drone x2  
  29  2:48  Drone  
  32  2:52  Overlord  
  32  2:59  Drone  
  32  3:03  Pneumatized Carapace  
  32  3:04  Drone  
  34  3:08  Drone x2  
  34  3:10  Queen  
  38  3:14  Drone x2  
  38  3:15  Drone  
  38  3:17  Drone  
  42  3:24  Drone  
  42  3:29  Drone  
  42  3:31  Overlord  
  43  3:41  Metabolic Boost  
  43  3:49  Overlord  
  43  3:50  Drone x6  
  43  3:55  Drone  
  50  4:02  Roach Warren  
  49  4:04  Extractor, Overlord  
  49  4:05  Extractor, Drone x2  
  49  4:10  Drone  
  49  4:12  Drone  
  51  4:19  Queen  
  51  4:20  Queen  
  51  4:21  Drone  
  51  4:22  Drone  
  51  4:23  Drone x4  
  61  4:28  Drone x2  
  63  4:36  Overlord  
  63  4:37  Zergling x8  
  67  4:40  Lair  
  67  4:45  Zergling x2  
  67  4:50  Extractor  
  67  4:51  Zergling x4  
  67  4:52  Evolution Chamber  
  68  4:53  Zergling x4  
  68  4:54  Drone x2  
  68  4:55  Drone  
  68  4:58  Drone  
  74  5:04  Zergling x4  
  74  5:05  Zergling x2  
  79  5:07  Drone x2  
  81  5:18  Extractor  
  81  5:19  Overlord  
  81  5:20  Drone x2  
  81  5:21  Drone  
  81  5:26  Zerg Missile Weapons Level 1  
  81  5:28  Overlord  
  81  5:29  Drone x2  
  81  5:32  Overlord  
  81  5:37  Overlord  
  81  5:39  Hatchery  
  80  5:45  Glial Reconstitution  
  80  5:48  Drone x3  
  80  5:49  Roach x3  
  89  5:53  Roach x4  
  97  6:00  Roach x2  
  97  6:01  Roach x2  
  105  6:04  Overlord, Baneling Nest  
  105  6:06  Overlord  
  105  6:07  Overlord  
  104  6:12  Overseer  
  104  6:13  Overlord  
  104  6:15  Overlord  
  104  6:20  Overseer  
  104  6:23  Overlord  
  104  6:26  Drone x3  
  104  6:27  Overlord  
  104  6:30  Roach  
  104  6:31  Roach x3  
  115  6:38  Roach x2  
  115  6:39  Roach x3  
  125  6:41  Roach  
  125  6:43  Overlord  
  125  6:46  Roach  
  129  6:50  Overseer  
  129  6:53  Overseer  
  129  7:00  Roach x7  
  143  7:02  Centrifical Hooks  
  143  7:11  Roach x3  
  149  7:19  Roach x3, Zergling x6  
  158  7:27  Roach x5  
  168  7:31  Overlord  
  168  7:34  Overlord  
  168  7:36  Overlord  
  168  7:37  Overlord  
  168  7:39  Overlord  
  168  7:42  Overlord  
  168  7:43  Overlord  
  157  7:53  Zergling x18  
  157  7:55  Ravager x3  
  166  8:05  Zergling x18  
  175  8:14  Ravager  
  175  8:19  Baneling x8  
  176  8:20  Zergling x12  
  176  8:25  Baneling x9  
  182  8:29  Baneling  
  182  8:30  Baneling x9  
  182  8:31  Ravager  
  182  8:34  Zergling x8  
  187  8:38  Zergling x8  
  191  8:41  Baneling x5  
  191  8:44  Zergling x4  
  191  8:47  Overseer  
Show
View Real Time Build Order
Export as new Build Order

Hellraiser Protoss 

Build Orders: 1 Gate Expand, Archon Immortal 

Get SALT Encoding   

  12  0:00  Probe  
  13  0:12  Probe  
  14  0:19  Pylon  
  14  0:24  Probe  
  15  0:33  Probe  
  15  0:39  Gateway  
  15  0:41  Probe  
  16  0:48  Assimilator  
  17  0:51  Probe  
  18  1:03  Probe  
  19  1:22  Nexus  
  19  1:25  Probe  
  20  1:36  Cybernetics Core  
  20  1:38  Probe  
  21  1:44  Assimilator  
  21  1:50  Probe  
  21  1:53  Pylon  
  22  2:01  Probe  
  22  2:03  Adept  
  23  2:09  Probe  
  26  2:17  Probe, Robotics Facility  
  27  2:28  Warp Gate  
  27  2:29  Probe  
  28  2:30  Probe  
  29  2:38  Stalker  
  29  2:40  Probe  
  29  2:42  Probe  
  33  2:52  Probe  
  33  2:54  Probe  
  35  2:59  Immortal  
  35  3:04  Probe  
  36  3:06  Probe  
  41  3:14  Sentry  
  41  3:18  Probe  
  45  3:23  Pylon  
  45  3:25  Forge  
  45  3:26  Probe  
  45  3:32  Gateway  
  45  3:33  Immortal  
  45  3:44  Probe  
  45  3:47  Probe  
  45  3:48  Protoss Ground Weapons Level 1  
  51  3:54  Pylon  
  51  3:57  Probe  
  51  3:59  Probe  
  51  4:02  Warp Prism  
  53  4:05  Pylon  
  53  4:09  Probe  
  54  4:12  Probe  
  57  4:20  Assimilator  
  57  4:21  Probe  
  57  4:23  Pylon  
  58  4:24  Probe  
  58  4:25  Assimilator  
  59  4:33  Probe  
  59  4:36  Probe  
  59  4:37  Twilight Council  
  62  4:38  Observer  
  62  4:42  Adept x2  
  62  4:45  Probe  
  68  4:56  Pylon  
  68  4:57  Probe  
  72  5:00  Immortal  
  72  5:07  Probe  
  72  5:08  Pylon  
  72  5:09  Probe  
  74  5:15  Protoss Ground Weapons Level 2  
  74  5:19  Probe  
  74  5:20  Charge  
  71  5:23  Probe  
  71  5:24  Stalker  
  74  5:31  Gateway  
  74  5:32  Gateway  
  74  5:34  Gateway  
  74  5:37  Gateway  
  74  5:38  Dark Shrine  
  74  5:40  Phoenix  
  74  5:43  Gateway  
  74  5:46  Gateway  
  74  6:03  Nexus  
  74  6:10  Pylon  
  74  6:12  Zealot  
  74  6:13  Immortal, Probe x2  
  83  6:25  Probe  
  83  6:27  Probe  
  84  6:37  Zealot x4  
  92  6:40  Zealot  
  94  6:53  Dark Templar x2  
  98  6:57  Archon  
  98  6:58  Dark Templar  
  98  6:59  Dark Templar  
  102  7:02  Archon  
  102  7:05  Pylon  
  102  7:06  Pylon  
  102  7:08  Pylon  
  102  7:15  Probe x2  
  104  7:16  Probe  
  104  7:18  Pylon  
  105  7:23  Immortal  
  105  7:27  Probe x2  
  105  7:28  Probe  
  112  7:40  Zealot x5  
  112  7:43  Templar Archives  
  120  7:45  Probe x2  
  120  7:48  Probe  
  117  7:57  Probe  
  108  8:02  Stalker  
  108  8:05  Assimilator  
  114  8:06  Probe  
  114  8:07  Probe, Assimilator  
  114  8:10  Probe  
  117  8:19  Immortal  
  117  8:22  High Templar x2  
  117  8:26  Shield Battery  
  121  8:27  Photon Cannon  
  121  8:28  High Templar  
  121  8:31  Photon Cannon  
  121  8:33  Pylon  
  123  8:41  Zealot  
  123  8:45  Photon Cannon x2  
  82  9:02  Zealot  
  82  9:03  Zealot x6  

Tags
 
Add a new tag
Caveats
  • Supply blocks, unpowered buildings, or Contaminate may cause inaccurate times.
  • Supply counts are checked every 10 seconds.